 Dungeon Crawl Stone Soup version 0.28.0-53-g5a82cb258f (webtiles) character file.

Game seed: 9262440228670862968

346 DracoStevie the Ruffian (level 6, -1/52 HPs)
             Began as a Ghoul Monk on June 1, 2022.
             Was a Priest of Vehumet.
             Slain by a wight
             ... wielding a +0 spear
              (3 damage)
             ... on level 5 of the Dungeon.
             The game lasted 00:18:53 (3256 turns).

DracoStevie the Ruffian (Ghoul Monk)                Turns: 3256, Time: 00:18:53

Health: -1/52      AC:  8    Str: 17    XL:     6   Next: 59%
Magic:  5/5        EV:  9    Int:  5    God:    Vehumet [***...]
Gold:   178        SH:  7    Dex: 11    Spells: 5/5 levels left

rFire   x . .      SeeInvis +     - Unarmed
rCold   + + .      Faith    .   j - +0 kite shield
rNeg    + + +      Spirit   .   e - +0 ring mail
rPois   ∞          Reflect  .   (no helmet)
rElec   .          Harm     .   (no cloak)
rCorr   .          Rampage  .   t - +1 pair of gloves
Will    .....                   k - +0 pair of boots
Stlth   +.........              (no amulet)
HPRegen 0.00/turn               w - ring of ice
MPRegen 0.09/turn               D - ring of see invisible

@: inhibited regen
A: claws 1, cold resistance 1, negative energy resistance 3, inhibited
regeneration, torment resistance 2
a: Renounce Religion


You were on level 5 of the Dungeon.
You worshipped Vehumet.
Vehumet was most pleased with you.
You visited 1 branch of the dungeon, and saw 5 of its levels.

You collected 178 gold pieces.

Inventory:

Hand Weapons
 d - a +0 hand axe
 f - a +0 club
 g - a +2 dagger of draining
 h - a +0 spear
 n - a +0 scythe
 p - a +0 war axe
Missiles
 b - 64 arrows
 c - 97 stones (quivered)
 m - 32 sling bullets
Armour
 a - a +0 robe
 e - a +0 ring mail (worn)
 i - a +0 leather armour
 j - a +0 kite shield (worn)
 k - a +0 pair of boots (worn)
 l - a +0 scale mail
 s - a +0 robe
 t - a +1 pair of gloves (worn)
 y - a +0 robe
 z - a +0 scale mail
Jewellery
 w - a ring of ice (left hand)
 D - a ring of see invisible (right hand)
Scrolls
 r - a scroll of teleportation
 u - 2 scrolls of brand weapon
 x - a scroll of vulnerability {unknown}
 A - a scroll of enchant weapon {unknown}
Potions
 o - a potion of might
 q - a potion of mutation
 B - 2 potions of lignification
 C - a potion of brilliance {unknown}


   Skills:
 + Level 3.9 Fighting
 + Level 2.5 Armour
 + Level 3.6 Dodging
 + Level 2.5 Stealth
 + Level 1.0 Shields
 + Level 5.6 Unarmed Combat


You had 5 spell levels left.
You didn't know any spells.
Your spell library was empty.

Dungeon Overview and Level Annotations

Branches:
Dungeon (5/15)
 Temple: D:4-7

Altars:
Ashenzari
Fedhas
Kikubaaqudgha
Vehumet
Wu Jian

Shops:
D:4 *


Innate Abilities, Weirdness & Mutations

You thrive by killing the living.
You are immune to poison.
You have sharp fingernails.
Your flesh is cold resistant. (rC+)
You are immune to negative energy. (rN+++)
You do not regenerate when monsters are visible.
You are immune to unholy pain and torment.


Message History

The scorpion stings you.
* * * LOW HITPOINT WARNING * * *
You block the scorpion's attack.
You barely miss the scorpion. You block the scorpion's attack.
The wight closely misses you.
You closely miss the scorpion. The scorpion stings you.
* * * LOW HITPOINT WARNING * * *
The wight barely misses you.
You barely miss the scorpion. The scorpion stings you!
* * * LOW HITPOINT WARNING * * *
The wight barely misses you. The scorpion closely misses you.
Found an arbalest.
A wight comes into view.
It is wielding a +3 short sword of freezing.
The scorpion stings you.
* * * LOW HITPOINT WARNING * * *
The wight hits you from afar with a +0 spear.
* * * LOW HITPOINT WARNING * * *
Found a dagger.
The wight hits you with a +4 short sword.
* * * LOW HITPOINT WARNING * * *
You block the scorpion's attack.
There is an escape hatch in the floor here.
You see here a scroll of identify.
You feel better. The scorpion stings you.
* * * LOW HITPOINT WARNING * * *
You punch the scorpion!
The scorpion is heavily wounded.
The wight barely misses you.
The scorpion stings you but does no damage.
The wight closely misses you.
You hit the scorpion.
The scorpion is almost dead.
The scorpion closely misses you.
The wight hits you from afar with a +0 spear.
* * * LOW HITPOINT WARNING * * *
You block the scorpion's attack.
You closely miss the scorpion.
The scorpion is almost dead.
The wight hits you from afar with a +0 spear.
You die...

..###. .# ...#.. .
.......##. #
.......#.. ..
...........### .).
............#..##
...............#
.......#@..#
.......zs..#### .
##....z##.)..#
....#..##..#......#
.................##
.##..........##.##
#..........# ##
#..#..##.###
#..########


You could see a scorpion and 2 wights.

Vanquished Creatures
  Sigmund (D:3)
  An ogre (D:4)
  2 adders
  4 gnolls (D:3)
  An adder skeleton (D:4)
  3 dart slugs
  A worm (D:3)
  An orc (D:5)
  7 bats
  4 endoplasms
  2 giant cockroaches
  9 goblins
  2 hobgoblins
  3 quokkas
  2 ball pythons
  2 frilled lizards
  5 kobolds
  3 rats
53 creatures vanquished.

Notes
Turn   | Place    | Note
-------+----------+-------------------------------------------
     0 | D:1      | DracoStevie the Ghoul Monk began the quest for the Orb.
     0 | D:1      | Reached XP level 1. HP: 19/19 MP: 0/0
   107 | D:1      | Reached XP level 2. HP: 26/26 MP: 1/1
   683 | D:2      | Found a broken altar of Ashenzari.
   731 | D:2      | Found a faded altar of an unknown god.
   736 | D:2      | Prayed at the altar of an unknown god.
   736 | D:2      | Became a worshipper of Vehumet
   736 | D:2      | Reached * piety under Vehumet
   736 | D:2      | Offered knowledge of Shock by Vehumet.
   736 | D:2      | Reached ** piety under Vehumet
   861 | D:2      | Reached XP level 3. HP: 33/33 MP: 2/2
   972 | D:2      | Offered knowledge of Searing Ray by Vehumet.
  1175 | D:2      | Offered knowledge of Conjure Flame by Vehumet.
  1406 | D:2      | Reached *** piety under Vehumet
  1541 | D:3      | Noticed Sigmund
  1551 | D:3      | Reached skill level 4 in Unarmed Combat
  1561 | D:3      | Killed Sigmund
  1562 | D:3      | Reached skill level 5 in Unarmed Combat
  1562 | D:3      | Reached XP level 4. HP: 23/40 MP: 3/3
  1562 | D:3      | Reached XP level 5. HP: 26/46 MP: 4/4
  1604 | D:3      | Found an ornate altar of the Wu Jian Council.
  1610 | D:3      | Found an ancient bone altar of Kikubaaqudgha.
  1618 | D:3      | Found a blossoming altar of Fedhas.
  1842 | D:3      | Reached XP level 6. HP: 52/52 MP: 5/5
  2143 | D:4      | Offered knowledge of Mephitic Cloud by Vehumet.
  2258 | D:4      | Found Piupnu's Assorted Antiques.
  2488 | D:4      | Reached skill level 1 in Shields
  3189 | D:5      | Entered Level 5 of the Dungeon
  3203 | D:5      | Noticed a water moccasin
  3249 | D:5      | HP: 2/52 [wight/+0 spear (1)]
  3255 | D:5      | HP: 2/52 [wight/+0 spear (1)]
  3256 | D:5      | Slain by a wight

Illustrated notes

Levels and vault maps discovered:
D:1:      dpeg_arrival_court, layout_basic, st_stairs_6
D:2:      layout_basic, basic_altar, basic_ecumenical_altar, roderic_lattice_a
D:3:      layout_basic, minitemple, uniq_sigmund
D:4:      layout_basic, serial_shops, nicolae_take_the_stairs
D:5:      layout_cave_pools, gammafunk_ghost_cemetery

Skill      XL: |  1  2  3  4  5  6 |
---------------+-------------------+-----
Dodging        | 3 |  3.6
Unarmed Combat | 5 |  5.6
Armour         | 2 |  2.5
Shields        | 1 |  1.0
Fighting       | |  3.9
Stealth        | |  2.5

Action                   |  1- 3 |  4- 6 || total
-------------------------+-------+-------++-------
Melee: Unarmed           |    97 |    94 ||   191
  Use: Potion            |     2 |     2 ||     4
       Scroll            |     2 |     4 ||     6
 Stab: Sleeping          |       |     1 ||     1
Armor: Robe              |     2 |       ||     2
       Ring mail         |    31 |    30 ||    61
Dodge: Dodged            |    48 |    40 ||    88
Block: Kite shield       |    15 |    31 ||    46
